 Dungeon Crawl Stone Soup version 0.17-a0-1411-g06ff558 (webtiles) character file.

48 urechis the Twirler (level 3, -4/21 HPs)
             Began as a Tengu Gladiator on June 23, 2015.
             Slain by an ogre
             ... wielding a +0 giant club
              (25 damage)
             ... on level 2 of the Dungeon.
             The game lasted 00:01:58 (1525 turns).

urechis the Twirler (Tengu Gladiator)               Turns: 1525, Time: 00:01:58

Health: -4/21      AC:  5    Str: 15    XL:     3   Next: 72%
Magic:  4/4        EV: 12    Int:  8    God:
Gold:   73         SH:  0    Dex: 15    Spells: 0 memorised, 2 levels left

rFire  . . .     SeeInvis .     a - +0 quarterstaff
rCold  + . .     Clarity  .     b - +0 ring mail {rC+}
rNeg   + . .     SustAt   .     (no shield)
rPois  .         Gourm    .     c - +0 hat
rElec  .         Spirit   .     (no cloak)
rCorr  .         Warding  .     (no gloves)
rMut   .         Stasis   .     (boots unavailable)
MR     .....                    (no amulet)
Stlth  +.........               (no ring)
                                f - ring of positive energy

@: not resistant to hostile enchantments, very unstealthy
A: beak, talons 3
a: no special abilities


You were on level 2 of the Dungeon.
You were hungry.

You visited 1 branch of the dungeon, and saw 2 of its levels.

You collected 73 gold pieces.

Inventory:

Hand weapons
 a - a +0 quarterstaff (weapon)
Missiles
 e - a throwing net (quivered)
Armour
 b - a +0 ring mail of cold resistance (worn)
 c - a +0 hat (worn)
Jewellery
 f - a ring of positive energy (left hand)
Scrolls
 g - a scroll of magic mapping {unknown}
 h - a scroll of fear {unknown}
 j - 2 scrolls of enchant armour {unknown}
 k - 2 scrolls of remove curse {unknown}
 n - 5 scrolls of identify {unknown}
 q - a scroll of recharging {unknown}
Potions
 i - a potion of brilliance {unknown}
 l - a potion of agility {unknown}
 m - 2 potions of heal wounds {unknown}
 o - a potion of mutation {unknown}
Comestibles
 d - 2 bread rations
 p - a beef jerky


   Skills:
 - Level 2.0 Fighting
 + Level 5.0 Staves
 - Level 2.1 Throwing
 - Level 3.2 Dodging


You had 2 spell levels left.
You didn't know any spells.

Dungeon Overview and Level Annotations

Branches:
Dungeon (2/15)

Altars:
Yredelemnul
The Shining One


Innate Abilities, Weirdness & Mutations

You have a beak for a mouth.
You have claws for feet.


Message History

The ogre shouts!
The ogre moves out of view.
Throwing (i - inventory):
e - 3 throwing nets (quivered)
Press: ? - help, Shift-Dir - straight line, f - ogre
Aim: an ogre, wielding a giant club You throw a throwing net.
The throwing net barely misses the ogre.
Throwing (i - inventory):
e - 2 throwing nets (quivered)
Press: ? - help, Shift-Dir - straight line, f/p - ogre
Aim: an ogre, wielding a giant club You throw a throwing net.
The throwing net barely misses the ogre.
You thump the ogre! You claw the ogre. You peck the ogre.
The ogre is heavily wounded.
The ogre closely misses you.
You barely miss the ogre. You claw the ogre.
The ogre is heavily wounded.
The ogre hits you with a giant club!!
Ouch! That really hurt!
You die...

.....# #................# ##
.....##8................## #8
.(....##.................# ####
####..###8###8###8#....#.# ##...
#..#############....#.####..##
##.....#.##..# ####.#..##..##
###.....###.# #....#..## ##
####..###.## ###..#.###
...#####.(.....O@### #........#
##...........##....###........#
#.....).........)#.)...†......#
...........>.......###........#
...............##..<..###.......
...............##................
...............#################.
...............# ##8###⌠###8## #
#.............#####...........##


You could see an ogre.

Vanquished Creatures
  An adder (D:2)
  A worm (D:2)
  3 giant geckos (D:1)
  7 bats
  8 goblins
  A hobgoblin (D:2)
  3 jackals (D:1)
  5 kobolds
  A giant cockroach (D:1)
  A giant newt (D:2)
  A rat (D:2)
32 creatures vanquished.

Vanquished Creatures (others)
  A kobold (D:2)
1 creature vanquished.

Grand Total: 33 creatures vanquished

Notes
Turn   | Place    | Note
--------------------------------------------------------------
     0 | D:1      | urechis the Tengu Gladiator began the quest for the Orb.
     0 | D:1      | Reached XP level 1. HP: 12/12 MP: 2/2
   119 | D:1      | Reached XP level 2. HP: 8/17 MP: 3/3
   349 | D:1      | Reached skill level 4 in Staves
  1029 | D:2      | Reached XP level 3. HP: 19/21 MP: 4/4
  1212 | D:2      | Found a glowing golden altar of the Shining One.
  1232 | D:2      | Found a basalt altar of Yredelemnul.
  1432 | D:2      | Reached skill level 5 in Staves
  1519 | D:2      | Noticed an ogre
  1525 | D:2      | Slain by an ogre

Vault maps used:
D:1:      lemuel_arrival_room
D:2:      grunt_temple_overflow_holy_war, serial_corexii_hall,
          corexii_hall_statues_x, corexii_hall_statues_u,
          corexii_hall_statues_l, corexii_hall_statues_i,
          makhleb_blood_cavern_becter

Action                   || total
-------------------------++-------
Melee: Quarterstaff      ||    69
Throw: Throwing net      ||     2
  Eat: Chunk             ||     1
